 Dungeon Crawl Stone Soup version 0.29.0-15-g675c0067aa (webtiles) character file.

Game seed: 9825772697887862097

15616 groovy9 the Geomancer (level 12, -1/105 HPs)
             Began as a Gargoyle Earth Elementalist on Sept 11, 2022.
             Was a Priest of Vehumet.
             Killed by divine providence
             ... invoked by a meliai
              (16 damage)
             ... in a Gauntlet on Sept 12, 2022.
             The game lasted 01:31:28 (18597 turns).

groovy9 the Geomancer (GrEE)                       Turns: 18597, Time: 01:31:29

Health: -1/105     AC: 17    Str: 11      XL:     12   Next: 28%
Magic:  20/22      EV: 16    Int: 21 (22) God:    Vehumet [***...]
Gold:   803        SH:  0    Dex: 10      Spells: 9/25 levels left

rFire   + . .      SeeInvis +   a - staff of conjuration
rCold   + . .      Faith    .   (no shield)
rNeg    + . .      Spirit   .   y - +0 troll leather armour
rPois   ∞          Reflect  .   H - +1 helmet {SInv}
rElec   +          Harm     .   B - scarf {repulsion}
rCorr   +          Rampage  .   (no gloves)
Will    .....      NoTele   +   j - +0 pair of boots
Stlth   ..........              J - amulet of magic regeneration
HPRegen 1.07/turn               o - ring of resist corrosion
MPRegen 0.58/turn               L - +4 ring of evasion

@: berserking, resistant, repel missiles, very quick
A: sickness immunity, AC +8, negative energy resistance 1, electricity
resistance, torment resistance 1, petrification resistance
a: Renounce Religion


You were in a Gauntlet.
You worshipped Vehumet.
Vehumet was most pleased with you.
You visited 3 branches of the dungeon, and saw 14 of its levels.
You also visited: Gauntlet.

You collected 803 gold pieces.

Inventory:

Hand Weapons
 b - the +4 sling of Plog {vorpal, rElec rC- Str+7 SInv}
   (You found it on level 2 of the Dungeon)

   Any ammunition fired from it inflicts extra damage upon your enemies.
   Str:       It affects your strength (+7).
   rC:        It makes you vulnerable to cold.
   rElec:     It insulates you from electricity.
   SInv:      It lets you see invisible.
 t - a +4 whip
Armour
 j - a +0 pair of boots (worn)
 y - a +0 troll leather armour (worn)
 B - a scarf of repulsion (worn)
 H - a +1 helmet of see invisible (worn)
Magical Staves
 a - a staff of conjuration (weapon)
Jewellery
 h - a ring of flight
 o - a ring of resist corrosion (left hand)
 u - an amulet of reflection
 v - an amulet of regeneration
 J - an amulet of magic regeneration (around neck)
 L - a +4 ring of evasion (right hand)
 Q - a ring of protection from fire
 R - a +6 ring of dexterity
Wands
 m - a wand of digging (2)
 n - a wand of flame (51)
 s - a wand of acid (18)
 A - a wand of polymorph (4)
 D - a wand of roots (8)
 E - a wand of charming (16)
Scrolls
 d - 2 scrolls of immolation
 g - a scroll of identify
 p - a scroll of magic mapping
 q - 6 scrolls of teleportation
 r - 5 scrolls of enchant weapon
 z - a scroll of butterflies
 C - 2 scrolls of amnesia
 P - a scroll of noise
Potions
 c - 7 potions of curing
 e - 2 potions of ambrosia
 f - 3 potions of degeneration
 i - a potion of magic
 k - 6 potions of mutation
 w - 2 potions of might
 x - a potion of heal wounds
 G - a potion of lignification
 I - a potion of invisibility
 N - a potion of resistance
Miscellaneous
 O - a box of beasts


   Skills:
 + Level 6.2 Fighting
 - Level 4.7(4.8) Maces & Flails
 - Level 1.0(3.1) Staves
 + Level 6.1 Armour
 + Level 5.0 Dodging
 + Level 7.3 Stealth
 * Level 7.2 Spellcasting
 + Level 7.8 Conjurations
 + Level 7.4 Transmutations
 + Level 8.9 Earth Magic


You had 9 spell levels left.
You knew the following spells:

 Your Spells              Type           Power      Damage    Failure   Level
a - Sandblast             Erth           90%        2d19      1%          1
b - Stone Arrow           Conj/Erth      100%       3d13      1%          3
c - Passwall              Tmut/Erth      35%        N/A       1%          2
d - Petrify               Tmut/Erth      42%        N/A       3%          4
e - Magic Dart            Conj           100%       1d8       1%          1
f - Lee's Rapid Deconstr  Erth           22%        3d14*     2%          5

Your spell library contained the following spells:

 Spells                   Type           Power      Damage    Failure   Level
 Conjure Flame            Conj/Fire      36%        6-21      1%          3
 Freeze                   Ice            28%        1d5       3%          1
 Ignite Poison            Fire/Tmut/Pois 18%        N/A       3%          3
 Mephitic Cloud           Conj/Pois/Air  27%        N/A       3%          3
 Hailstorm                Conj/Ice       36%        3d9       6%          4
 Frozen Ramparts          Ice            14%        1d3       9%          3
 Apportation              Tloc           14%        N/A       11%         1
 Necrotise                Necr           28%        1d5       11%         1
 Summon Small Mammal      Summ           28%        N/A       11%         1
 Ensorcelled Hibernation  Hex/Ice        14%        N/A       17%         2
 Leda's Liquefaction      Hex/Erth       13%        N/A       17%         4
 Ice Form                 Ice/Tmut       23%        N/A       24%         4
 Freezing Cloud           Conj/Ice/Air   13%        6-21      26%         5
 Call Canine Familiar     Summ           7%         N/A       32%         3
 Portal Projectile        Hex/Tloc       14%        N/A       32%         3
 Swiftness                Air            7%         N/A       32%         3
 Vampiric Draining        Necr           7%         2d6       32%         3
 Agony                    Necr           7%         N/A       97%         5
 Simulacrum               Ice/Necr       3%         N/A       100%        6
 Statue Form              Tmut/Erth      Unusable   N/A       N/A         6

Dungeon Overview and Level Annotations

Branches:
Dungeon (10/15)            Temple (1/1) D:4            Lair (3/5) D:9
    Orc (0/2) D:9         Gauntlet (1/1)
  Swamp: Lair:2-3    Shoals: Lair:2-3     Snake: Lair:2-3    Spider: Lair:2-3

Altars:
Ashenzari
Cheibriados
Dithmenos
Elyvilon
Fedhas
Gozag
Hepliaklqana
Kikubaaqudgha
Makhleb
Nemelex Xobeh
Okawaru
Qazlal
Ru
Sif Muna
Trog
Uskayaw
Vehumet
Wu Jian
Xom
Yredelemnul
Zin
The Shining One

Shops:
D:4 :   D:9 !

Annotations:
Gauntlet 9 transporters


Innate Abilities, Weirdness & Mutations

You are immune to sickness and miasma.
Your stone body is resilient. (AC +8)
You are immune to poison.
You resist negative energy. (rN+)
You are resistant to electric shocks. (rElec)
You are resistant to unholy torment.
You are immune to petrification.


Message History

[the floor.]
There is a transporter here.
You start resting.
Magic restored.
You enter the transporter and appear at another place.
There is a transporter here.
Okay, then.
Okay, then.
You feel protected.
You enter the transporter and appear at another place.
You feel a surge of power!
The stone arrow misses the meliai.
The meliai invokes the aid of its god against you.
Something smites you! The meliai hits you with a +0 hand axe!
The meliai stings you. The meliai completely misses you.
The meliai misses you. x2
The meliai closely misses you.
The meliai invokes the aid of its god against you.
Something smites you! The meliai hits you but does no damage.
The meliai completely misses you.
You are too injured to fight recklessly!
Okay, then.
You feel much better. The meliai hits you with a +0 hand axe.
The meliai closely misses you. The meliai hits you with a +0 hand axe!
The meliai stings you but does no damage.
The meliai hits you with a +0 hand axe.
The meliai stings you but does no damage.
The meliai hits you with a +0 hand axe! The meliai stings you.
* * * LOW HITPOINT WARNING * * *
The meliai closely misses you. x2; The meliai hits you but does no damage.
The meliai stings you but does no damage.
A red film seems to cover your vision as you go berserk!
You feel yourself moving faster!
You feel mighty!
The meliai invokes the aid of its god against you.
Something smites you!
* * * LOW HITPOINT WARNING * * *
The meliai hits you with a +0 hand axe.
* * * LOW HITPOINT WARNING * * *
The meliai closely misses you.
The meliai calls down the wrath of its god upon you.
Something smites you!
You die...

#≈............≈∩≈........
#...............§§.......
###..###########...########
#8#..##..?©)".##...#...[©.#
###..#.#.....#.#...#.....#.
#..#..#...#..#...##....#.
###..#...#.#...#...#.##.#5.
#8#..#....#....#...#..3###.
###..#...#@#...#...#...©#.#
#..#..#yyy#..#...#...#...
###..#.#.....#.#...#...#...
#8#..##.......##...#55#....
###..###########..§########
#.....#.©.#....≈.........
###...8.#...#...≈8§........
#8#.....#.©.#....≈.........
###..###########...########


You could see 3 meliai.

Vanquished Creatures
  Erolcha (D:10)
  A boulder beetle (Lair:1)
  2 hydras
  Amaemon (Lair:2)
  An orange demon (Lair:2)
  A black mamba (Lair:2)
  2 cane toads (Lair:1)
  A komodo dragon (Lair:2)
  A troll (D:10)
  4 blink frogs (Lair:1)
  Grinder (D:4)
  3 slime creatures
  2 wyverns
  Eustachio (D:5)
  A shadow (D:10)
  12 yaks
  Grum (D:8)
  2 steam dragons (D:7)
  Edmund (D:6)
  An acid dragon (D:10)
  4 water moccasins (Lair:2)
  Duvessa (D:6)
  7 orc warriors
  An ice beast (D:5)
  A sky beast (D:7)
  3 black bears
  8 wolves
  5 centaurs
  A phantom (D:5)
  Blork the orc (D:5)
  3 kobold brigands
  15 bullfrogs
  2 necrophages
  3 scorpions
  3 wights (D:7)
  5 killer bees (D:7)
  Dowan (D:6)
  3 howler monkeys (D:10)
  A jelly (D:8)
  Crazy Yiuf (D:6)
  8 orc priests
  A gnoll bouda (D:6)
  A hound (D:3)
  5 iguanas
  Ijyb (D:3)
  14 orc wizards
  13 gnolls
  5 adders
  2 shadow imps (D:6)
  A white imp (D:5)
  2 ufetubi
  2 worms
  A dart slug (D:4)
  49 orcs
  7 ball pythons
  8 bats
  4 endoplasms
  4 giant cockroaches
  5 hobgoblins
  11 jackals
  26 kobolds
  4 quokkas
  7 frilled lizards
  10 goblins
  7 rats
307 creatures vanquished.

Vanquished Creatures (collateral kills)
  An orange crystal statue (Gauntlet)
1 creature vanquished.

Vanquished Creatures (others)
  21 fungi
  39 plants
  7 toadstools (D:1)
67 creatures vanquished.

Grand Total: 375 creatures vanquished

Notes
Turn   | Place    | Note
-------+----------+-------------------------------------------
     0 | D:1      | groovy9 the Gargoyle Earth Elementalist began the quest for
                  | the Orb.
     0 | D:1      | Reached XP level 1. HP: 10/10 MP: 3/3
   206 | D:1      | Reached XP level 2. HP: 15/15 MP: 3/5
   244 | D:1      | Reached skill level 1 in Conjurations
   554 | D:1      | Reached XP level 3. HP: 19/19 MP: 0/6
   960 | D:1      | Learned a level 3 spell: Stone Arrow
  1129 | D:2      | Reached skill level 4 in Earth Magic
  1218 | D:2      | Identified the +4 sling of Plog {vorpal, rElec rC- Str+7
                  | SInv}
  1386 | D:2      | Found a faded altar of an unknown god.
  1435 | D:2      | Reached XP level 4. HP: 24/24 MP: 5/8
  1921 | D:2      | Found a hazy altar of Hepliaklqana.
  2343 | D:3      | Found the +8 storm bow {elec, penet}
  2464 | D:2      | Reached XP level 5. HP: 12/28 MP: 1/9
  3047 | D:3      | Found a shimmering altar of Xom.
  3149 | D:3      | Found a radiant altar of Vehumet.
  3349 | D:3      | Reached skill level 1 in Transmutations
  3349 | D:3      | Reached XP level 6. HP: 26/32 MP: 6/11
  3525 | D:3      | Noticed Ijyb
  3861 | D:3      | Killed Ijyb
  4009 | D:3      | Learned a level 2 spell: Passwall
  4031 | D:4      | Noticed Grinder
  4184 | D:4      | Killed Grinder
  4185 | D:4      | Reached skill level 5 in Earth Magic
  4185 | D:4      | Reached XP level 7. HP: 36/36 MP: 8/13
  4393 | D:3      | Learned a level 4 spell: Petrify
  4797 | D:4      | Found Jekum's Vocational Training.
  4859 | D:4      | Found a staircase to the Ecumenical Temple.
  4882 | Temple   | Entered the Ecumenical Temple
  5022 | D:3      | Became a worshipper of Vehumet
  5358 | D:5      | Entered Level 5 of the Dungeon
  5497 | D:5      | Reached XP level 8. HP: 42/42 MP: 4/14
  5631 | D:5      | Reached skill level 1 in Fighting
  5631 | D:5      | Reached skill level 1 in Staves
  5631 | D:5      | Reached skill level 1 in Armour
  5967 | D:5      | Noticed Blork the orc
  5982 | D:5      | Killed Blork the orc
  6158 | D:5      | Noticed Eustachio
  6693 | D:5      | Reached skill level 6 in Earth Magic
  7333 | D:5      | Killed Eustachio
  7334 | D:5      | Reached skill level 1 in Maces & Flails
  7334 | D:5      | Reached skill level 5 in Conjurations
  7688 | D:6      | Found a sparkling altar of Nemelex Xobeh.
  7904 | D:6      | Found a runed translucent door.
  7905 | D:6      | Noticed Crazy Yiuf
  7910 | D:6      | Killed Crazy Yiuf
  8003 | D:6      | Found an iron altar of Okawaru.
  8070 | D:6      | Found a basalt altar of Yredelemnul.
  8374 | D:6      | Reached skill level 5 in Spellcasting
  8374 | D:6      | Reached XP level 9. HP: 48/48 MP: 9/16
  8395 | D:6      | Noticed Edmund
  8551 | D:6      | Killed Edmund
  8765 | D:6      | Noticed Dowan
  8778 | D:6      | Killed Dowan
  8858 | D:6      | Noticed Duvessa
  8864 | D:6      | Killed Duvessa
  8864 | D:6      | Reached * piety under Vehumet
  8864 | D:6      | Offered knowledge of Foxfire by Vehumet.
  9308 | D:7      | Found a sacrificial altar of Ru.
  9860 | D:7      | Reached skill level 5 in Transmutations
 10621 | D:7      | Reached skill level 7 in Earth Magic
 10623 | D:7      | Reached XP level 10. HP: 56/56 MP: 7/18
 11065 | D:8      | Reached ** piety under Vehumet
 11065 | D:8      | Offered knowledge of Magic Dart by Vehumet.
 11068 | D:8      | Learned a level 1 spell: Magic Dart
 11174 | D:7      | Reached skill level 5 in Stealth
 11514 | D:8      | Noticed Grum
 11546 | D:8      | Killed Grum
 12249 | D:8      | Found a glowing silver altar of Zin.
 12272 | D:8      | Found a blossoming altar of Fedhas.
 12423 | D:8      | Identified a scroll of acquirement
 12423 | D:8      | Acquired a book of the Earth
 12431 | D:8      | Learned a level 5 spell: Lee's Rapid Deconstruction
 12593 | D:9      | Found Zypuxeca's Distillery.
 13252 | D:9      | Offered knowledge of Dazzling Flash by Vehumet.
 13311 | D:9      | Found a staircase to the Orcish Mines.
 13867 | D:9      | Found a staircase to the Lair.
 14329 | Lair:1   | Entered Level 1 of the Lair of Beasts
 14338 | Lair:1   | Noticed a cane toad
 14340 | Lair:1   | Noticed a cane toad
 14346 | Lair:1   | Killed a cane toad
 14382 | Lair:1   | Killed a cane toad
 14383 | Lair:1   | Reached XP level 11. HP: 35/62 MP: 9/20
 14585 | Lair:1   | Found an ornate altar of the Wu Jian Council.
 14585 | Lair:1   | Noticed a boulder beetle
 14835 | Lair:2   | Reached skill level 5 in Fighting
 15042 | Lair:1   | Reached skill level 8 in Earth Magic
 15057 | Lair:1   | Reached skill level 5 in Armour
 15058 | Lair:1   | Reached *** piety under Vehumet
 15233 | Lair:1   | Killed a boulder beetle
 15438 | Lair:1   | Found a hide-covered altar of Uskayaw.
 16164 | D:10     | Entered Level 10 of the Dungeon
 16164 | D:10     | Noticed a six-headed hydra
 16288 | D:10     | Noticed Erolcha
 16356 | D:10     | Killed Erolcha
 16698 | D:10     | Killed a six-headed hydra
 16877 | D:10     | Identified the +0 chain mail of Narcissism {Str-2 Dex+4}
 17407 | Lair:2   | Reached XP level 12. HP: 69/69 MP: 8/22
 17599 | Lair:2   | Noticed a four-headed hydra
 17603 | Lair:2   | Killed a four-headed hydra
 17603 | Lair:2   | Offered knowledge of Conjure Flame by Vehumet.
 17926 | Lair:2   | Noticed Amaemon
 17954 | Lair:2   | Killed Amaemon
 17955 | Lair:2   | Reached skill level 5 in Dodging
 18293 | Lair:3   | Found a gate leading to a gauntlet.
 18301 | Gauntlet | Entered a Gauntlet
 18301 | Gauntlet | Found a transporter.
 18301 | Gauntlet | Found a transporter.
 18301 | Gauntlet | Found a transporter.
 18304 | Gauntlet | Found a transporter.
 18317 | Gauntlet | Found a transporter.
 18320 | Gauntlet | Found a transporter.
 18321 | Gauntlet | Found a transporter.
 18382 | Gauntlet | Found a transporter.
 18389 | Gauntlet | Noticed a soul eater
 18396 | Gauntlet | Found a transporter.
 18412 | Gauntlet | Found a transporter.
 18425 | Gauntlet | Found a transporter.
 18440 | Gauntlet | Found a transporter.
 18597 | Gauntlet | Killed from afar by a meliai

Illustrated notes

Levels and vault maps discovered:
D:1:      nagdon_arrival_double_spiral, layout_loops_ring
D:2:      cheibrodos_helix_gallery, layout_basic, basic_altar,
          chequers_ecumenical_altar_island, chequers_garden
D:3:      layout_rooms, vehumet_altar_wand_db, mainiacjoe_overflow_chevrons,
          saegor_snake_ambush, uniq_ijyb
D:4:      layout_rooms, minmay_temple_entry_wispy,
          chequers_serial_rivers_large_b, nicolae_shop_vocational, uniq_grinder
D:5:      layout_cave_pods, kennysheep_path_1, uniq_blork_the_orc,
          uniq_eustachio
D:6:      layout_cave_pools, nicolae_overflow_crystal_walls,
          nemelex_xobeh_ov_fountains_minmay, kennysheep_okawaru_gauntlet,
          minmay_strange_pillars, uniq_duvessa, uniq_edmund,
          uniq_crazy_yiuf_cottage
D:7:      layout_basic, nicolae_ru_sacrificial_ziggurat
D:8:      layout_rooms, mainiacjoe_overflow_swirl, uniq_grum
D:9:      layout_rooms, grunt_lair_entry_orc_guard_hut, david_orc_4,
          serial_shops, nicolae_shop_hallway_stairs,
          chequers_serial_rivers_small_3
D:10:     layout_irregular_city, uniq_erolcha
Temple:   nicolae_temple_two_arcs
Lair:1:   layout_cave_pods, wad_woods_road_03, st_stairs_10,
          nzn_masters_of_martial_movement
Lair:2:   layout_cave_pods, lemuel_fruit_tree, uniq_amaemon
Lair:3:   layout_regular_city, nicolae_swamp_entry_splash_gauntlet,
          spider_nest_entry_rubble, gauntlet_entry_generic, basic_altar
Gauntlet: gammafunk_gauntlet_shortcut [nicolae_gauntlet_arena_grate_2,
          nicolae_gauntlet_arena_x, gammafunk_gauntlet_arena_arrow_garden,
          gammafunk_gauntlet_arena_corners, gammafunk_gauntlet_arena_open,
          nicolae_gauntlet_swirl, nicolae_gauntlet_exit_dead_adventurers]

Skill      XL: |  1  2  3  4  5  6  7  8  9 10 11 12 |
---------------+-------------------------------------+-----
Conjurations   | 1 2 3 4 5 6 7 |  7.8
Earth Magic    | 4 5 6 7 8 |  8.9
Spellcasting   | 3 4 5 6 7 |  7.2
Transmutations | 1 2 3 4 5 6 7 |  7.4
Fighting       | 2 3 4 5 6 |  6.2
Staves         | 1 |  1.0
Armour         | 2 3 4 5 6 |  6.1
Dodging        | 2 3 4 5 |  5.0
Stealth        | 3 4 5 6 7 |  7.3
Maces & Flails | 1 2 4 |  4.7

Action                   |  1- 3 |  4- 6 |  7- 9 | 10-12 || total
-------------------------+-------+-------+-------+-------++-------
Melee: Morningstar       |       |       |     7 |       ||     7
       Staff             |       |       |       |    15 ||    15
       Punch             |       |       |       |     1 ||     1
 Fire: Sling             |     2 |     3 |       |       ||     5
 Cast: Sandblast         |    47 |    87 |       |       ||   134
       Stone Arrow       |       |    10 |   164 |   281 ||   455
       Petrify           |       |       |     1 |    13 ||    14
       Lee's Rapid Decon |       |       |       |     5 ||     5
       Magic Dart        |       |       |       |     3 ||     3
  Use: Scroll            |     1 |     4 |     6 |    17 ||    28
       Potion            |       |       |     7 |     7 ||    14
Armor: Robe              |     3 |     6 |    52 |    46 ||   107
       Troll leather arm |       |       |       |    19 ||    19
Dodge: Dodged            |     7 |    18 |    52 |    99 ||   176
       Repelled          |       |       |       |     2 ||     2
